 Dungeon Crawl Stone Soup version 0.23.2-1-ga50397a6bc (webtiles) character file.

Game seed: 9270807522485387714

1691 PentaManta the Ducker (level 9, -10/59 HPs)
             Began as a Merfolk Transmuter on May 31, 2019.
             Was a Follower of Uskayaw.
             Killed by divine providence
             ... invoked by an orc priest
              (15 damage)
             ... on level 7 of the Dungeon.
             The game lasted 00:31:14 (9275 turns).

PentaManta the Ducker (Merfolk Transmuter)          Turns: 9275, Time: 00:31:15

Health: -10/59     AC:  2    Str: 10    XL:     9   Next: 2%
Magic:  17/17      EV: 17    Int: 13    God:    Uskayaw [*.....]
Gold:   168        SH:  0    Dex: 17    Spells: 4/18 levels left

rFire    . . .     SeeInvis .     - Unarmed
rCold    . . .     Gourm    .   (no shield)
rNeg     . . .     Faith    .   b - +0 robe
rPois    .         Spirit   .   (no helmet)
rElec    .         Reflect  .   (no cloak)
rCorr    .         Harm     .   (no gloves)
MR       .....                  (no boots)
Stlth    ++........             (no amulet)
HPRegen  0.19/turn              (no ring)
MPRegen  0.15/turn              (no ring)

@: no status effects
A: change form in water, swift swim, stealthy swim
a: Stomp, Renounce Religion


You were on level 7 of the Dungeon.
You worshipped Uskayaw.
Uskayaw was noncommittal.
You were hungry.

You visited 2 branches of the dungeon, and saw 8 of its levels.

You collected 291 gold pieces.
You spent 123 gold pieces at shops.

Inventory:

Missiles
 a - 108 arrows
Armour
 b - a +0 robe (worn)
Wands
 i - a wand of iceblast (7)
 s - a wand of flame (1)
Scrolls
 c - 4 scrolls of remove curse
 f - 2 scrolls of teleportation
 g - 4 scrolls of identify
 j - 5 scrolls of enchant weapon
 k - a scroll of amnesia
 q - a scroll of enchant armour {unknown}
 r - a scroll of noise {unknown}
Potions
 e - a potion of heal wounds {unknown}
 h - a potion of might
 l - a potion of magic {unknown}
 m - a potion of lignification
 n - a potion of cancellation {unknown}
 p - 2 potions of brilliance
Comestibles
 d - 7 rations


   Skills:
 - Level 1.1 Fighting
 + Level 7.8 Dodging
 + Level 6.9 Unarmed Combat
 + Level 5.4 Spellcasting
 + Level 7.7 Transmutations


You had 4 spell levels left.
You knew the following spells:

 Your Spells              Type           Power        Failure   Level  Hunger
a - Blade Hands           Tmut           ###.......   21%         5    ######.
b - Spider Form           Tmut/Pois      ##........   11%         3    ###....
c - Ice Form              Ice/Tmut       ##......     36%         4    ####...
d - Sticks to Snakes      Tmut           ###.....     1%          2    ##.....

Your spell library contained the following spells:

 Spells                   Type           Power        Failure   Level  Hunger
 Beastly Appendage        Tmut           ###...       1%          1    None


Dungeon Overview and Level Annotations

Branches:
Dungeon (7/15)             Temple (1/1) D:6

Altars:
Cheibriados
Elyvilon
Fedhas
Gozag
Hepliaklqana
Makhleb
Nemelex Xobeh
Qazlal
Ru
Uskayaw
Wu Jian
Xom
Yredelemnul
Zin
The Shining One

Shops:
D:4 %%*[=   D:7 (

Annotations:
D:3 1 runed translucent door, kubaf's ghost, amateur DENe


Message History

You feel a bit more experienced.
The howler monkey hoots and howls with incredible vigour!
You hear an angry hiss.
Your transformation has ended.
Your +0 robe unmelds from your body.
Uskayaw prepares the audience for your solo!
The hippogriff is no longer paralysed.
The orc priest is no longer paralysed.
Okay, then.
Aiming: Line Pass
Press: ? - help, Dir - move target cursor
Okay, then.
The orc priest looks more healthy.
The howler monkey hoots and howls with incredible vigour!
You hear an angry hiss.
You hear a shout!
You hear a bark!
You can no longer pass through a line of other dancers.
The hippogriff looks more healthy.
The orc priest mumbles some strange prayers to Beogh against you.
Beogh smites you!
You die...

########## #........#######
#..............#
####..............#
##.................#
#..................#
###########..................#
#............................#
#......ho..H.@.....###'#####..
####..................# #...# #.#
....##########........# ###.# #..
###.# #.######## #.# ###
#.#.##########.############.#####
...h........>....................
)o#.###.######.############......
#.#.# #.# ####### ...$.
#.##################


You could see a hippogriff, a howler monkey and an orc priest.

Vanquished Creatures
  5 ogres
  A centaur (D:6)
  2 bullfrogs (D:6)
  5 wights (D:6)
  2 howler monkeys
  A quasit (D:6)
  4 hounds
  4 orc wizards
  4 orc priests
  2 centaur skeletons
  2 worker ants
  A howler monkey skeleton (D:5)
  3 gnolls (D:4)
  7 adders
  A shadow imp (D:5)
  2 adder skeletons
  An adder zombie (D:7)
  3 worms
  2 dart slugs
  A leopard gecko (D:3)
  18 orcs
  7 giant cockroaches
  9 goblins
  4 hobgoblins
  16 jackals
  9 kobolds
  2 quokkas
  2 ball pythons (D:3)
  16 bats
  2 frilled lizards
  A quokka skeleton (D:7)
  9 rats
148 creatures vanquished.

Vanquished Creatures (collateral kills)
  A wight (D:6)
1 creature vanquished.

Grand Total: 149 creatures vanquished

Notes
Turn   | Place    | Note
-------+----------+-------------------------------------------
     0 | D:1      | PentaManta the Merfolk Transmuter began the quest for the
                  | Orb.
     0 | D:1      | Reached XP level 1. HP: 15/15 MP: 3/3
   149 | D:1      | Reached XP level 2. HP: 21/21 MP: 5/5
   623 | D:1      | Reached XP level 3. HP: 10/26 MP: 6/6
  1728 | D:2      | Reached XP level 4. HP: 31/32 MP: 5/7
  1982 | D:2      | Found a stormy altar of Qazlal.
  2316 | D:2      | Found a glowing golden altar of the Shining One.
  2427 | D:2      | Found a snail-covered altar of Cheibriados.
  2564 | D:3      | Found a runed translucent door.
  2564 | D:3      | Noticed kubaf's ghost (amateur DENe)
  3027 | D:3      | Reached XP level 5. HP: 31/37 MP: 7/9
  3770 | D:4      | Found Ifunt's Jewellery Shoppe.
  3848 | D:4      | HP: 2/55 [orc wizard/puff of flame (5)]
  3874 | D:4      | Reached XP level 6. HP: 14/43 MP: 10/10
  3914 | D:4      | Learned a level 3 spell: Spider Form
  3919 | D:4      | Learned a level 4 spell: Ice Form
  4274 | D:4      | Found Ihivus's General Store.
  4283 | D:4      | Bought a scroll of identify for 26 gold pieces
  4283 | D:4      | Bought a scroll of enchant weapon for 97 gold pieces
  4285 | D:4      | Found Sipsiso's Food Boutique.
  4531 | D:4      | Reached skill level 5 in Dodging
  4994 | D:4      | Reached skill level 5 in Transmutations
  5079 | D:4      | Found Tamugeg's Food Emporium.
  5222 | D:4      | Found Jaidegg's Antique Armour Emporium.
  5695 | D:5      | Entered Level 5 of the Dungeon
  6070 | D:5      | Reached skill level 5 in Unarmed Combat
  6070 | D:5      | Reached XP level 7. HP: 44/48 MP: 9/12
  6099 | D:5      | Found a hide-covered altar of Uskayaw.
  6110 | D:5      | Became a worshipper of Uskayaw the Reveler
  6135 | D:5      | Reached * piety under Uskayaw
  6143 | D:5      | Reached ** piety under Uskayaw
  6146 | D:5      | Found a sparkling altar of Nemelex Xobeh.
  6287 | D:5      | Found a snail-covered altar of Cheibriados.
  7173 | D:5      | Found a sacrificial altar of Ru.
  7548 | D:6      | Reached XP level 8. HP: 41/54 MP: 10/14
  7550 | D:6      | Reached *** piety under Uskayaw
  7554 | D:6      | Reached **** piety under Uskayaw
  7564 | D:6      | Reached ***** piety under Uskayaw
  7844 | D:6      | Learned a level 5 spell: Blade Hands
  7847 | D:6      | Learned a level 2 spell: Sticks to Snakes
  8095 | D:6      | Found a staircase to the Ecumenical Temple.
  8126 | Temple   | Entered the Ecumenical Temple
  8276 | D:6      | Reached skill level 5 in Spellcasting
  8335 | D:6      | HP: 1/54 [wight/cursed +0 spear (4)]
  8349 | D:6      | HP: 2/54 [wight/cursed +0 spear (2)]
  8692 | D:6      | Found a sparkling altar of Nemelex Xobeh.
  8858 | D:7      | Found Ysenyf's Antique Weapon Boutique.
  9053 | D:7      | Found a white marble altar of Elyvilon.
  9245 | D:7      | Noticed a hippogriff
  9253 | D:7      | Reached XP level 9. HP: 20/59 MP: 14/17
  9257 | D:7      | HP: 2/59 [orc wizard/+0 dagger (4)]
  9275 | D:7      | Killed from afar by an orc priest

Skill      XL: |  1  2  3  4  5  6  7  8 |
---------------+-------------------------+-----
Dodging        | 3 4 5 6 7 |  7.8
Transmutations | 3 4 5 6 7 |  7.7
Unarmed Combat | 4 5 6 |  6.9
Spellcasting   | 3 4 5 |  5.4
Fighting       | |  1.1

Action                   |  1- 3 |  4- 6 |  7- 9 || total
-------------------------+-------+-------+-------++-------
Melee: Unarmed           |   135 |   270 |   215 ||   620
       Headbutt          |     5 |     9 |       ||    14
       Punch             |     1 |     2 |       ||     3
       Tailslap          |       |     1 |       ||     1
 Cast: Beastly Appendage |     8 |     7 |       ||    15
       Spider Form       |       |     7 |    18 ||    25
       Sticks to Snakes  |       |       |     2 ||     2
Invok: Stomp             |       |       |     1 ||     1
       Line Pass         |       |       |     1 ||     1
 Abil: End Transformatio |       |       |     1 ||     1
Evoke: Wand              |       |     7 |       ||     7
  Use: Potion            |       |     7 |     1 ||     8
       Scroll            |       |     8 |       ||     8
 Stab: Sleeping          |     2 |     2 |     1 ||     5
       Distracted        |       |       |     1 ||     1
       Paralysed         |       |       |     4 ||     4
  Eat: Chunk             |     2 |    14 |     4 ||    20
       Ration            |       |       |     3 ||     3
Armor: Robe              |    28 |    33 |    11 ||    72
       Skin              |       |    26 |     6 ||    32
Dodge: Dodged            |   117 |   232 |   242 ||   591
